Map: Acid Plant LE

Players

Lambo - Winner!

  • Race: Zerg Zerg
  • League: Master
  • Spawn Location: 5:00

HeRoMaRinE

  • Race: Terran Terran
  • League: Master
  • Spawn Location: 11:00

Event: HomeStory Cup XVII

VOD

Have the link to the VOD?

Description

Time

  • Played on: June 30, 2018, 10:15 a.m.
  • Length: 5:08

All games in this series

Show
View Real Time Build Order
Export as new Build Order

Lambo Zerg - Winner!

Build Orders: Hatch First, Roach Nydus 

Get SALT Encoding   

  12  0:00  Drone  
  13  0:12  Overlord  
  13  0:16  Drone  
  14  0:30  Drone x2  
  16  0:47  Hatchery  
  15  0:50  Drone  
  15  0:54  Drone  
  17  0:57  Drone  
  18  1:08  Extractor  
  17  1:12  Spawning Pool  
  17  1:15  Drone  
  17  1:19  Drone  
  18  1:28  Drone  
  19  1:38  Drone  
  20  1:49  Drone  
  21  1:59  Queen x2  
  21  2:00  Zergling x4  
  27  2:13  Hatchery  
  26  2:18  Overlord  
  27  2:22  Drone  
  27  2:24  Drone  
  28  2:37  Drone x2  
  28  2:39  Queen  
  28  2:41  Drone  
  33  2:50  Lair  
  32  2:54  Overlord  
  32  2:56  Drone  
  33  2:58  Drone  
  33  3:00  Drone  
  35  3:13  Drone x2  
  35  3:14  Drone  
  35  3:15  Drone  
  35  3:18  Extractor  
  35  3:19  Extractor, Queen  
  39  3:23  Drone  
  41  3:27  Drone x2  
  41  3:28  Drone  
  41  3:32  Drone  
  44  3:35  Drone  
  44  3:40  Roach Warren  
  44  3:51  Overlord x2  
  44  3:53  Nydus Network  
  43  4:07  Spore Crawler  
  42  4:18  Overlord  
  42  4:20  Roach x7  
  56  4:32  Nydus Canal  
  56  4:33  Roach x2  
  56  4:36  Roach  
  56  4:37  Roach  
  64  4:40  Roach  
  64  4:43  Roach  
Show
View Real Time Build Order
Export as new Build Order

HeRoMaRinE Terran 

Build Orders: Reaper Expand 

Get SALT Encoding   

  12  0:00  SCV  
  13  0:13  SCV  
  14  0:17  Supply Depot  
  14  0:25  SCV  
  15  0:38  SCV  
  15  0:40  Barracks  
  16  0:44  Refinery  
  16  0:50  SCV  
  17  1:03  SCV  
  18  1:15  SCV  
  19  1:27  Reaper  
  19  1:28  Orbital Command  
  20  1:39  Command Center  
  20  1:48  Supply Depot  
  20  1:54  SCV  
  21  1:59  Marine  
  22  2:06  SCV  
  22  2:07  Factory  
  23  2:11  Refinery  
  23  2:18  SCV  
  23  2:21  Barracks Reactor  
  24  2:30  SCV  
  25  2:42  SCV  
  26  2:53  Orbital Command  
  26  2:54  SCV  
  26  2:55  Starport  
  27  3:03  Hellion x2  
  31  3:06  SCV  
  31  3:10  Barracks Tech Lab  
  32  3:18  SCV x2  
  34  3:24  Hellion x2  
  38  3:30  SCV x2  
  40  3:37  Supply Depot, Raven, Marine  
  40  3:40  Supply Depot  
  43  3:42  SCV  
  43  3:43  SCV  
  45  3:55  SCV, Barracks Tech Lab  
  46  3:59  SCV  
  46  4:01  Hellion x2  
  46  4:02  Supply Depot  
  51  4:07  SCV  
  52  4:11  SCV  
  53  4:17  Marine  
  53  4:19  SCV  
  53  4:23  SCV  
  58  4:29  Command Center  
  58  4:31  SCV  
  59  4:35  SCV, Marine  
  65  4:43  SCV  
  68  4:47  SCV  
  65  4:55  SCV  
Tags
 
Add a new tag
Caveats
  • Supply blocks, unpowered buildings, or Contaminate may cause inaccurate times.
  • Supply counts are checked every 10 seconds.